 Dungeon Crawl Stone Soup version 0.29-a0-284-gf9362112df (webtiles) character file.

Game seed: 9239013052980718079

3868 sokol815 the Martial Artist (level 9, -6/68 HPs)
             Began as a Demonspawn Monk on Mar 25, 2022.
             Was an Initiate of Gozag.
             Hit by a javelin thrown by a centaur (8 damage)
             ... in a bailey.
             The game lasted 00:24:28 (7145 turns).

sokol815 the Martial Artist (Demonspawn Monk)       Turns: 7145, Time: 00:24:28

Health: -6/68      AC:  7    Str: 22    XL:     9   Next: 99%
Magic:  9/9        EV: 22    Int: 14    God:    Gozag
Gold:   105        SH: 11    Dex: 25    Spells: 8/8 levels left

rFire   . . .      SeeInvis .     - Unarmed
rCold   . . .      Faith    .   (no shield)
rNeg    . . .      Spirit   .   u - +1 leather armour {rPois}
rPois   +          Reflect  +   (no helmet)
rElec   .          Harm     .   v - +1 cloak of Grace {rCorr Str+8}
rCorr   +          Rampage  .   (no gloves)
Will    .....                   h - +0 pair of boots
Stlth   +++.......              k - amulet of Hifyabir {Reflect Regen+ Str+3 Int-3 Dex+4 SH+5}
HPRegen 1.01/turn               E - +4 ring of evasion
MPRegen 0.11/turn               w - +6 ring of dexterity

@: brilliant, agile, gold aura
A: claws 2, large bone plates 2, powered by death 1, powered by pain 1,
corrupting presence 2
a: Renounce Religion, Potion Petition, Call Merchant, Bribe Branch


You were in a bailey.
You worshipped Gozag.
Gozag was aware of your devotion.
You visited 2 branches of the dungeon, and saw 10 of its levels.
You also visited: Bailey.

You collected 1004 gold pieces.
You spent 499 gold pieces at shops.
You paid 400 gold pieces to Gozag.

Inventory:

Hand Weapons
 a - a +3 dagger of electrocution
   (You found it on level 1 of the Dungeon)
 g - the +5 whip "Icei" {venom, rElec Int-2 Dex+2}
   (You found it on level 2 of the Dungeon)

   It poisons the flesh of those it strikes.
   Int:       It affects your intelligence (-2).
   Dex:       It affects your dexterity (+2).
   rElec:     It insulates you from electricity.
 j - a +3 spear
   (You took it off an orc in a bailey)
Missiles
 d - 15 poisoned darts
 f - 5 javelins
 l - 2 throwing nets {!d}
 s - 83 stones
Armour
 b - a +0 robe
 h - a +0 pair of boots (worn)
   (You found it on level 3 of the Dungeon)
 m - a +0 ring mail
   (You found it on level 2 of the Dungeon)
 n - a +0 cloak
   (You took it off Crazy Yiuf on level 2 of the Dungeon)
 o - a +3 ring mail
   (You took it off an orc warrior in a bailey)
 u - a +1 leather armour of poison resistance (worn)
   (You took it off Ijyb on level 4 of the Dungeon)
 v - the +1 cloak of Grace (worn) {rCorr Str+8}
   (You found it on level 4 of the Dungeon)

   Str:       It affects your strength (+8).
   rCorr:     It protects you from acid and corrosion.
Magical Staves
 r - a staff of earth
   (You found it on level 4 of the Dungeon)
Jewellery
 k - the amulet of Hifyabir (around neck) {Reflect Regen+ Str+3 Int-3 Dex+4 SH+5}
   (You bought it in a shop on level 3 of the Dungeon)

   [amulet of reflection]

   It reflects blocked missile attacks.
   Str:       It affects your strength (+3).
   Int:       It affects your intelligence (-3).
   Dex:       It affects your dexterity (+4).
   Regen:     It increases your rate of health regeneration.
   SH:        It affects your SH (+5).
 w - a +6 ring of dexterity (right claw)
   (You took it off Dowan on level 4 of the Dungeon)
 E - a +4 ring of evasion (left claw)
   (You found it on level 4 of the Dungeon)
Wands
 i - a wand of iceblast (13)
   (You found it on level 3 of the Dungeon)
 q - a wand of flame (17)
   (You took it off Ijyb on level 4 of the Dungeon)
 y - a wand of mindburst (13)
   (You found it on level 4 of the Dungeon)
Scrolls
 D - a scroll of blinking {!r}
Potions
 c - a potion of brilliance {unknown}
 e - a potion of attraction {unknown}
 t - a potion of degeneration {unknown}
 x - a potion of invisibility {unknown}
 G - 4 potions of ambrosia {!q}
 P - 3 potions of lignification {!q}
 T - 2 potions of berserk rage {!q}


   Skills:
 * Level 5.2 Fighting
 - Level 4.0 Short Blades
 - Level 3.0 Axes
 - Level 2.6 Dodging
 - Level 2.7 Stealth
 + Level 11.5 Unarmed Combat


You had 8 spell levels left.
You didn't know any spells.
Your spell library contained the following spells:

 Spells                   Type           Power      Damage    Failure   Level
 Foxfire                  Conj/Fire      0%         2x1d4     32%         1
 Sandblast                Erth           0%         2d4       32%         1
 Ensorcelled Hibernation  Hex/Ice        0%         N/A       45%         2
 Passwall                 Tmut/Erth      0%         N/A       45%         2
 Conjure Flame            Conj/Fire      0%         6-21      69%         3
 Inner Flame              Hex/Fire       0%         N/A       69%         3
 Ozocubu's Armour         Ice            0%         N/A       69%         3
 Spider Form              Tmut/Pois      0%         N/A       69%         3
 Stone Arrow              Conj/Erth      0%         3d7       69%         3
 Anguish                  Hex/Necr       0%         N/A       97%         4
 Flame Wave               Conj/Fire      0%         2d4       97%         4
 Metabolic Englaciation   Hex/Ice        0%         N/A       100%        5
 Simulacrum               Ice/Necr       0%         N/A       100%        6


Dungeon Overview and Level Annotations

Branches:
Dungeon (9/15)             Temple (1/1) D:4          Bailey (1/1)
   Lair: D:8-11         Orc: D:9-12

Altars:
Cheibriados
Elyvilon
Fedhas
Gozag
Hepliaklqana
Makhleb
Nemelex Xobeh
Okawaru
Ru
Trog
Uskayaw
Vehumet
Yredelemnul
Zin
The Shining One

Shops:
D:3 *([=   D:9 [


Innate Abilities, Weirdness & Mutations

You have very sharp fingernails.
You are mostly covered in large bone plates. (SH +6)
You regenerate a little health from kills.
You sometimes gain a little power by taking damage.
Your presence sometimes corrodes or deforms those you injure.


Message History

You hear a shout!
You take 5 damage, and have 9/68 hp.
The orc warrior is no longer distracted by gold.
The centaur throws a javelin.
The javelin misses you.
The centaur throws a javelin.
The javelin closely misses you.
You feel better.
The orc warrior is distracted by your dazzling golden aura.
You block the centaur's attack.
An orc comes into view. It is wielding a +0 trident.
The centaur throws a javelin.
The javelin barely misses you.
You regained 7 hp, and now have 17/68 hp.
The centaur throws a javelin.
The javelin pierces through you!
* * * LOW HITPOINT WARNING * * *
The centaur throws a javelin.
The javelin pierces through you.
* * * LOW HITPOINT WARNING * * *
The javelin barely misses the orc.
You block the orc's attack.
You take 11 damage, and have 6/68 hp.
Okay, then. [a] - 400 gold - brilliance, magic, heal wounds and curing [b] - 493 gold - lignification, might and resistance [c] - 552 gold - resistance, might and haste Purchase which effect?
You no longer have enough gold to petition Gozag for potion effects.
You feel clever all of a sudden. Magic courses through your body.
You feel much better.
You feel better.
The orc warrior is no longer distracted by gold. x2
The centaur throws a javelin.
The javelin pierces through you.
The javelin barely misses the orc.
You block the orc's attack. The centaur closely misses you.
The centaur throws a javelin.
The javelin closely misses you.
The javelin pierces through the orc!
The orc dies!
You regained 33 hp, and now have 39/68 hp.
The orc warrior shouts!
You hear a shout!
The centaur closely misses you. You block the centaur's attack.
You mangle the centaur!!
You kill the centaur!
You block the centaur's attack.
The orc warrior is distracted by your dazzling golden aura.
The orc warrior closely misses you.
The centaur throws a javelin.
The javelin pierces through you!
The centaur throws a javelin.
The javelin completely misses you.
You take 9 damage, and have 31/68 hp.
You block the orc warrior's attack.
The centaur throws a javelin.
The javelin misses you.
You regained 2 hp, and now have 33/68 hp.
The centaur is distracted by your dazzling golden aura. x2
The orc warrior hits you with a +0 trident!
The orc warrior hits you with a +0 halberd!
* * * LOW HITPOINT WARNING * * *
You block the orc's attack.
You take 21 damage, and have 12/68 hp.
MASSIVE DAMAGE!!
You feel better.
The orc warrior is no longer distracted by gold.
The orc warrior misses you. The orc warrior closely misses you.
The orc misses you.
You regained 13 hp, and now have 25/68 hp.
The centaur shouts!
The orc warrior shouts!
You claw the orc warrior!
The centaur is no longer distracted by gold. x2
The centaur throws a javelin.
The javelin completely misses you.
The orc warrior hits you with a +0 trident.
The orc warrior closely misses you.
The orc is distracted by your dazzling golden aura.
The orc shouts!
You scratch the orc warrior but do no damage.
You claw the orc warrior!
You kill the orc warrior!
The centaur hits you from afar with a +0 trident.
You block the orc warrior's attack. The centaur misses you.
The centaur throws a javelin.
The javelin pierces through you!
* * * LOW HITPOINT WARNING * * *
You take 17 damage, and have 8/68 hp.
MASSIVE DAMAGE!!
Okay, then.
You feel better.
The centaur is distracted by your dazzling golden aura.
You block the centaur's attack.
The orc warrior hits you with a +0 trident.
* * * LOW HITPOINT WARNING * * *
You regained 2 hp, and now have 10/68 hp.
The centaur shouts!
You scratch the orc warrior.
You claw the orc warrior, but do no damage.
The centaur throws a javelin.
The javelin pierces through you!
* * * LOW HITPOINT WARNING * * *
The orc warrior barely misses you.
You take 9 damage, and have 1/68 hp.
You scratch the orc warrior but do no damage.
The orc is no longer distracted by gold.
You block the centaur's attack.
The orc warrior is distracted by your dazzling golden aura.
The orc barely misses you. The orc warrior misses you.
The orc warrior shouts!
You scratch the orc warrior but do no damage.
The centaur throws a javelin.
The javelin barely misses you. You block the orc's attack.
The centaur throws a javelin.
The javelin pierces through you!
You die...
Your body crumbles into a pile of gold.

###################
≈≈≈≈≈≈≈≈≈≈≈≈≈≈≈≈≈≈≈#
≈≈≈≈≈≈≈≈≈≈≈≈≈≈≈≈≈≈≈≈#
≈≈≈≈≈≈..$....≈≈≈≈≈≈≈≈#
≈≈≈≈..≈≈≈.≈≈≈..≈≈≈≈≈≈≈#
≈≈..≈≈≈.c...≈≈≈..≈≈≈≈≈#
≈.≈≈≈..$..o...≈≈≈.≈≈≈≈#
≈.≈....@≈≈≈.....≈.≈≈≈≈#
.≈≈.⌠oo≈≈c≈≈..⌠.≈≈.≈≈≈#
.≈.....≈≈≈≈≈...$.≈.≈≈≈#
≈≈....≈≈≈≈≈≈≈....≈≈c≈≈#
≈.....≈≈≈≈≈≈≈.....≈.≈≈#
≈.....≈≈≈=≈≈≈.....≈.≈≈#
≈.....≈≈≈)≈≈≈..$..≈.≈≈#
≈.....≈≈≈?≈≈≈.....≈.≈≈#
.....≈≈≈≈≈≈≈.....≈.≈≈#


You could see 2 orc warriors, 2 centaurs and an orc.

Vanquished Creatures
  A hornet (D:7)
  Sigmund (D:2)
  A wraith (D:9)
  Duvessa (D:4)
  A water moccasin (D:9)
  3 black bears (D:5)
  10 orc warriors
  An ogre (D:4)
  5 centaurs
  3 kobold brigands
  A phantom (D:3)
  2 bullfrogs
  A necrophage (D:5)
  A gnoll sergeant (D:5)
  Dowan (D:4)
  A howler monkey (D:5)
  Crazy Yiuf (D:2)
  2 orc priests
  2 gnoll shamans
  4 hounds
  Ijyb (D:4)
  4 iguanas
  6 orc wizards
  Terence (D:3)
  14 gnolls
  2 adders (D:3)
  2 white imps
  3 dart slugs (D:4)
  31 orcs
  10 bats
  6 endoplasms
  8 giant cockroaches
  6 goblins
  8 hobgoblins
  6 jackals (D:1)
  16 kobolds
  2 quokkas
  7 ball pythons
  5 frilled lizards
  5 rats
186 creatures vanquished.

Vanquished Creatures (collateral kills)
  An orc wizard (D:7)
  2 orcs (D:7)
3 creatures vanquished.

Vanquished Creatures (others)
  3 orcs (Bailey)
3 creatures vanquished.

Grand Total: 192 creatures vanquished

Notes
Turn   | Place    | Note
-------+----------+-------------------------------------------
     0 | D:1      | sokol815 the Demonspawn Monk began the quest for the Orb.
     0 | D:1      | Reached XP level 1. HP: 18/18 MP: 1/1
   335 | D:1      | Reached skill level 3 in Axes
   403 | D:1      | Reached skill level 2 in Stealth
   405 | D:1      | Gained mutation: You are partially covered in large bone
                  | plates. (SH +4) [demonic ancestry]
   405 | D:1      | Reached XP level 2. HP: 23/24 MP: 2/2
  1113 | D:1      | Gained mutation: You have sharp fingernails. [demonic
                  | ancestry]
  1113 | D:1      | Reached XP level 3. HP: 29/29 MP: 3/3
  1251 | D:1      | Reached skill level 1 in Short Blades
  1450 | D:2      | Identified the +5 whip "Icei" {venom, rElec Int-2 Dex+2}
  1502 | D:2      | Noticed Sigmund
  1517 | D:2      | Killed Sigmund
  1518 | D:2      | Reached skill level 2 in Short Blades
  1518 | D:2      | Reached skill level 3 in Unarmed Combat
  1518 | D:2      | Gained mutation: You have very sharp fingernails. [demonic
                  | ancestry]
  1518 | D:2      | Reached XP level 4. HP: 27/35 MP: 4/4
  1518 | D:2      | Gained mutation: You sometimes gain a little power by
                  | taking damage. [demonic ancestry]
  1518 | D:2      | Reached XP level 5. HP: 31/41 MP: 5/5
  2099 | D:2      | Found a runed translucent door.
  2100 | D:2      | Noticed Crazy Yiuf
  2109 | D:2      | Killed Crazy Yiuf
  2110 | D:2      | Gained mutation: You regenerate a little health from kills.
                  | [demonic ancestry]
  2110 | D:2      | Reached XP level 6. HP: 35/47 MP: 6/6
  2393 | D:3      | Found Dahojo Jot's Jewellery Shoppe.
  2501 | D:3      | Found a blossoming altar of Fedhas.
  2532 | D:3      | Found Edogg's Assorted Antiques.
  2565 | D:3      | Reached skill level 3 in Short Blades
  2623 | D:3      | Reached skill level 4 in Unarmed Combat
  2717 | D:3      | Noticed Terence
  2727 | D:3      | Killed Terence
  2770 | D:3      | Found Zupevobb's Antique Weapon Boutique.
  2926 | D:3      | Found Wonteydgh's Antique Armour Shop.
  3115 | D:4      | Gained mutation: You are mostly covered in large bone
                  | plates. (SH +6) [demonic ancestry]
  3115 | D:4      | Reached XP level 7. HP: 18/52 MP: 7/7
  3303 | D:4      | Noticed Ijyb
  3316 | D:4      | Killed Ijyb
  3319 | D:4      | Reached skill level 5 in Unarmed Combat
  3412 | D:4      | HP: 12/52 [orc priest/divine providence (14)]
  3419 | D:4      | Identified the +1 cloak of Grace {rCorr Str+8}
  3783 | D:4      | Noticed Duvessa
  3793 | D:4      | Noticed Dowan
  3833 | D:4      | Killed Duvessa
  3834 | D:4      | Reached skill level 4 in Short Blades
  3851 | D:4      | Killed Dowan
  3852 | D:4      | Reached skill level 6 in Unarmed Combat
  3967 | D:4      | Found a staircase to the Ecumenical Temple.
  3976 | Temple   | Entered the Ecumenical Temple
  4040 | Temple   | Became a worshipper of Gozag Ym Sagoz the Greedy
  4293 | D:4      | Found a hide-covered altar of Uskayaw.
  4445 | D:5      | Entered Level 5 of the Dungeon
  4469 | D:5      | Gained mutation: Your presence sometimes corrodes those you
                  | injure. [demonic ancestry]
  4469 | D:5      | Reached XP level 8. HP: 58/58 MP: 8/8
  4498 | D:5      | Reached skill level 7 in Unarmed Combat
  4606 | D:5      | Found a sacrificial altar of Ru.
  5029 | D:4      | Reached skill level 8 in Unarmed Combat
  5558 | D:5      | Reached skill level 9 in Unarmed Combat
  5720 | D:3      | Bought the amulet of Hifyabir {Reflect Regen+ Str+3 Int-3
                  | Dex+4 SH+5} for 499 gold pieces
  6051 | D:5      | Gained mutation: Your presence sometimes corrodes or
                  | deforms those you injure. [demonic ancestry]
  6051 | D:5      | Reached XP level 9. HP: 62/63 MP: 9/9
  6144 | D:6      | You fall into a shaft and drop 3 floors!
  6185 | D:9      | Reached skill level 10 in Unarmed Combat
  6218 | D:9      | Found a snail-covered altar of Cheibriados.
  6218 | D:9      | Found an iron altar of Okawaru.
  6263 | D:9      | Found Enat's Antique Armour Boutique.
  6302 | D:9      | Noticed a two-headed ogre
  6601 | D:7      | Found a flagged portal.
  6808 | Bailey   | Entered a bailey
  6842 | Bailey   | Reached skill level 11 in Unarmed Combat
  7053 | Bailey   | Reached skill level 4 in Fighting
  7123 | Bailey   | HP: 9/67 [centaur/javelin (12)]
  7128 | Bailey   | Reached skill level 5 in Fighting
  7129 | Bailey   | HP: 14/68 [centaur/javelin (8)]
  7133 | Bailey   | HP: 6/68 [centaur/javelin (4)]
  7138 | Bailey   | HP: 12/68 [orc warrior/+0 halberd (11)]
  7143 | Bailey   | HP: 1/68 [centaur/javelin (10)]
  7145 | Bailey   | Hit by a javelin thrown by a centaur

Illustrated notes

Levels and vault maps discovered:
D:1:      wander_arrival_chamber, layout_basic
D:2:      layout_basic, uniq_sigmund, uniq_crazy_yiuf_cottage
D:3:      layout_loops_ring, fedhas_altar_1, serial_shops,
          nicolae_shop_hallway_plus, shop, shop,
          nicolae_shop_overgrown_old_shop, uniq_terence
D:4:      layout_cave_pools, lemuel_coloured_pillars_altar,
          minmay_temple_entry_antechambers, uniq_duvessa, uniq_ijyb
D:5:      cheibrodos_thug_alley, layout_cave_pools,
          nicolae_ru_great_annihilating_truth, kennysheep_generic_room_5
D:6:      layout_loops_corners, mrwooster_statue_mirror, serial_bayou_pond_a,
          uniq_grinder, uniq_pikel
D:7:      layout_loops_ring, nicolae_overflow_hallway_of_the_gods,
          enter_bailey_8, minmay_misc_feat_four_crosses, uniq_maggie
D:8:      layout_loops_ring, grunt_qazlal_clouds
D:9:      minmay_curly_fans, layout_small_grid,
          gammafunk_temple_overflow_statue, serial_shops, kennysheep_mini_moat,
          nicolae_concentric_dashed_squares_wild
Temple:   jpeg_temple_alley_garden
Bailey:   bailey_polearm_flooded_kennysheep, bailey

Skill      XL: |  1  2  3  4  5  6  7  8  9 |
---------------+----------------------------+-----
Axes           | 3 |  3.0
Stealth        | 2 |  2.7
Short Blades   | 2 3 4 |  4.0
Unarmed Combat | 3 4 6 9 11 | 11.5
Fighting       | 5 |  5.2
Dodging        | |  2.6

Action                   |  1- 3 |  4- 6 |  7- 9 || total
-------------------------+-------+-------+-------++-------
Melee: Hand axe          |    14 |       |       ||    14
       Dagger            |    86 |   108 |   319 ||   513
       Punch             |     4 |     2 |    22 ||    28
       Unarmed           |       |       |   114 ||   114
Throw: Stone             |    12 |       |       ||    12
Invok: Potion Petition   |       |       |     1 ||     1
  Use: Scroll            |     5 |     4 |     9 ||    18
       Potion            |       |       |     5 ||     5
 Stab: Sleeping          |     2 |     4 |     4 ||    10
       Distracted        |       |       |     2 ||     2
Armor: Robe              |    13 |       |       ||    13
       Ring mail         |     2 |    25 |    77 ||   104
       Leather armour    |       |       |    16 ||    16
Dodge: Dodged            |    47 |    49 |   308 ||   404
Block: Other             |    15 |    19 |   155 ||   189
       Reflection        |       |       |     1 ||     1

Table legend: (Time is in decaauts)
 A = Elapsed time spent in this place.
 B = Non-inter-level travel time spent in this place.
 C = Inter-level travel time spent in this place.
 D = Time resting spent in this place.
 E = Time spent auto-exploring this place.
 F = Levels seen in this place.
 G = Mean time per level.
                   A        B        C        D        E       F      G
               +--------+--------+--------+--------+--------+-----+--------+
         Total |   7063 |   6650 |    413 |   1241 |   3469 |  11 |  642.1 |
       Dungeon |   6648 |   6264 |    384 |   1235 |   3372 |   9 |  738.7 |
        Temple |     93 |     64 |     29 |      0 |     33 |   1 |   93.0 |
        Bailey |    321 |    321 |      0 |      6 |     64 |   1 |  321.0 |
               +--------+--------+--------+--------+--------+-----+--------+

Top non-repeatable levels by time:
     D:1: 1673 daAuts
     D:4: 1527 daAuts
     D:3: 1134 daAuts
     D:5: 994 daAuts
     D:2: 658 daAuts
     D:7: 405 daAuts
  Bailey: 321 daAuts
     D:9: 220 daAuts
  Temple: 93 daAuts
     D:8: 33 daAuts
     D:6: 0 daAuts

Table legend:
 A = Kills in this place as a percentage of kills in entire the game.
 B = Kills by you in this place as a percentage of kills by you in the entire game.
 C = Kills by friends in this place as a percentage of kills by friends in the entire game.
 D = Other kills in this place as a percentage of other kills in the entire game.
 E = Experience gained in this place as a percentage of experience gained in the entire game.
 F = Experience gained in this place divided by the number of levels of this place that you have seen.
                   A       B       C       D       E      F
               +-------+-------+-------+-------+-------+----------------------
         Total | 100.0 | 100.0 | 100.0 |   N/A | 100.0 | 502.5
       Dungeon |  85.7 |  85.5 | 100.0 |   N/A |  73.4 | 450.6
        Bailey |  14.3 |  14.5 |   0.0 |   N/A |  26.6 | 1472.0
               +-------+-------+-------+-------+-------+----------------------
